AoeStats
← Wgonzalez079389

Fortress

510043925Analyzed
4v4 RM · 2d ago on Sep 29, 2026· 43m 0s· 8 players
Game mode
Random Map
Map size
Huge
Population
200
Speed
Normal
Resources
Standard
Victory
Conquest
Starting age
Dark Age
Ending age
Imperial Age
RankedLock teamsTeams togetherTeam positionsShared explorationLock speedFull tech treeHidden civsTurbo modeCheats
Victory
Defeat
🇨🇳 Georgians · China
1158
+14
🇻🇳 Turks · Vietnam
1102
+17
🇨🇳 Teutons · China
1096
+17
🇭🇰 Khmer · Hong Kong SAR China
1052
+18
🇩🇪 Portuguese · Germany
1160
-18
🇳🇿 Ethiopians · New Zealand
1151
-18
🇳🇮 Teutons · Nicaragua
1084
-15
🇺🇸 Mongols · United States
1065
-15
kw3dsky
9:02 Feudal Age
10:22 Loom
14:46 Castle Age
13:43 Double-Bit Axe
13:40 Horse Collar
17:06 Padded Archer Armor
18:21 Bow Saw
21:37 Leather Archer Armor
25:13 Wheelbarrow
25:20 Fletching
26:56 Hand Cart
32:47 Imperial Age
34:06 Conscription
33:08 Elite Janissary
40:58 Artillery
41:44 Scale Barding Armor
41:50 Forging
42:11 Ring Archer Armor
42:55 Two-Man Saw
41:56 Heavy Plow
42:55 Bodkin Arrow
43:22 Chain Barding Armor
noob9527
7:19 Feudal Age
8:42 Loom
11:55 Castle Age
10:07 Double-Bit Axe
10:15 Horse Collar
12:03 Wheelbarrow
19:58 Bow Saw
20:24 Heavy Plow
21:10 Gold Mining
25:41 Imperial Age
25:12 Hand Cart
25:21 Scale Barding Armor
25:26 Forging
25:33 Fortified Wall
25:33 Masonry
25:46 Ballistics
25:52 Bloodlines
26:28 Padded Archer Armor
26:19 Fletching
26:50 Chain Barding Armor
26:25 Cavalier
28:25 Two-Man Saw
27:21 Stone Mining
30:08 Stone Shaft Mining
30:37 Chemistry
30:35 Leather Archer Armor
30:16 Bodkin Arrow
30:56 Iron Casting
30:57 Plate Barding Armor
31:56 Ring Archer Armor
31:21 Paladin
31:44 Elite Skirmisher
33:55 Blast Furnace
33:24 Bombard Tower
33:09 Siege Engineers
33:33 Conscription
34:24 Pikeman
35:05 Squires
34:50 Arson
34:51 Gambesons
35:08 Scale Mail Armor
35:47 Caravan
36:18 Coinage
35:59 Guilds
35:58 Halberdier
37:17 Chain Mail Armor
39:24 Crenellations
40:18 Plate Mail Armor
40:35 Banking
42:05 Siege Engineers
42:25 Ironclad
code monkey HK
5:39 Feudal Age
6:28 Double-Bit Axe
11:18 Castle Age
9:28 Horse Collar
14:59 Gold Mining
16:51 Scale Mail Armor
17:32 Pikeman
25:34 Imperial Age
27:06 Chain Mail Armor
26:57 Scale Barding Armor
26:47 Stone Mining
27:35 Gold Shaft Mining
27:12 Bow Saw
27:05 Heavy Plow
27:39 Conscription
27:20 Double Crossbow
29:08 Chain Barding Armor
28:59 Forging
30:52 Plate Barding Armor
30:55 Crop Rotation
31:05 Stone Shaft Mining
30:32 Herbal Medicine
33:54 Iron Casting
35:35 Blast Furnace
36:03 Elite Ballista Elephant
37:27 Loom
38:18 Wheelbarrow
40:08 Bloodlines
39:59 Husbandry
39:21 Light Cavalry
40:53 Hoardings
40:13 Fletching
40:59 Caravan
40:32 Hussar
41:35 Bodkin Arrow
Vtinglove
9:13 Feudal Age
9:25 Loom
11:10 Horse Collar
11:17 Double-Bit Axe
11:31 Stone Mining
14:17 Castle Age
12:11 Fletching
13:44 Gold Mining
17:11 Bodkin Arrow
17:22 Svan Towers
17:41 Bow Saw
20:48 Murder Holes
21:34 Town Watch
22:55 Ballistics
23:20 Fortified Wall
24:05 Treadmill Crane
28:02 Stone Shaft Mining
28:49 Guard Tower
32:24 Imperial Age
30:26 Caravan
31:03 Wheelbarrow
31:10 Scale Barding Armor
31:15 Forging
31:19 Masonry
33:07 Hand Cart
34:05 Chemistry
33:39 Conscription
33:54 Town Patrol
34:31 Heavy Plow
35:10 Bracer
35:48 Keep
35:12 Arrowslits
36:13 Aznauri Cavalry
37:25 Chain Barding Armor
37:40 Iron Casting
37:50 Hoardings
37:58 Architecture
38:46 Plate Barding Armor
40:24 Blast Furnace
39:26 Padded Archer Armor
40:05 Elite Monaspa
42:32 Bloodlines
42:22 Husbandry
42:05 Capped Ram
Schikaria089
7:36 Feudal Age
8:58 Wheelbarrow
8:31 Horse Collar
10:23 Double-Bit Axe
14:57 Castle Age
12:57 Gold Mining
15:39 Heavy Plow
18:09 Forging
18:05 Scale Barding Armor
18:04 Scale Mail Armor
17:54 Fletching
18:07 Padded Archer Armor
20:40 Bow Saw
25:37 Hand Cart
26:31 Town Watch
32:49 Imperial Age
32:20 Ballistics
32:12 Fortified Wall
31:57 Pikeman
32:24 Arson
33:43 Town Patrol
34:32 Crop Rotation
35:06 Two-Man Saw
34:13 Onager
35:01 Loom
36:55 Arquebus
39:10 Halberdier
MYTH NICAZ
6:53 Feudal Age
12:40 Castle Age
10:55 Double-Bit Axe
11:28 Gold Mining
12:31 Loom
13:46 Town Watch
16:32 Bow Saw
16:59 Gold Shaft Mining
16:09 Horse Collar
17:37 Wheelbarrow
19:54 Fletching
20:44 Bodkin Arrow
22:03 Hand Cart
24:50 Padded Archer Armor
28:46 Imperial Age
28:10 Leather Archer Armor
29:10 Elite Mangudai
30:52 Conscription
31:48 Ballistics
32:40 Bloodlines
32:32 Husbandry
33:02 Ballistics
33:40 Heavy Plow
33:32 Stone Mining
33:54 Bracer
34:05 Capped Ram
36:39 Heavy Camel Rider
37:49 Scale Barding Armor
39:28 Forging
39:38 Chain Barding Armor
40:13 Stone Shaft Mining
41:50 Iron Casting
scrawnny12
7:59 Feudal Age
9:40 Double-Bit Axe
9:38 Horse Collar
12:29 Castle Age
13:50 Bow Saw
13:45 Heavy Plow
14:22 Wheelbarrow
13:34 Loom
14:35 Padded Archer Armor
15:54 Fletching
21:10 Gold Mining
22:07 Bodkin Arrow
22:44 Crossbowman
24:34 Thumb Ring
25:46 Ballistics
26:39 Leather Archer Armor
32:34 Imperial Age
30:46 Fortified Wall
33:12 Gold Shaft Mining
32:48 Arbalester
33:32 Bracer
34:50 Chemistry
33:59 Siege Engineers
35:24 Torsion Engines
35:46 Conscription
37:28 Caravan
41:39 Ring Archer Armor
Wgonzalez079389
7:40 Feudal Age
8:41 Double-Bit Axe
12:07 Wheelbarrow
13:51 Castle Age
14:26 Horse Collar
14:38 Gold Mining
14:40 Stone Mining
15:51 Bow Saw
15:43 Heavy Plow
16:10 Town Watch
19:49 Stone Shaft Mining
20:41 Fortified Wall
31:17 Imperial Age
29:19 Pikeman
29:59 Squires
30:19 Forging
30:00 Fletching
30:20 Loom
31:56 Cavalier
33:00 Bloodlines
33:52 Hand Cart
34:10 Crop Rotation
34:40 Two-Man Saw
34:22 Scale Mail Armor
37:59 Paladin
38:47 Scale Barding Armor
39:18 Iron Casting
39:53 Chain Barding Armor
44:10 Plate Barding Armor
Connection lost

Rejoining the realm…

Still unreachable

The connection could not be restored.

Session expired

The server has moved on; the page needs a fresh start.